[Event "GER-chT Youth Countries 2019"]
[Site "Wuerzburg"]
[Date "2019.10.02"]
[Round "1"]
[White "Nothnagel, Marian Can"]
[Black "Degenhard, Simon"]
[Result "1-0"]
[ECO "A04"]
[WhiteElo "2376"]
[BlackElo "2084"]
[Annotator "ChessBase"]
[PlyCount "107"]
[EventDate "2019.10.02"]
[EventType "swiss"]
[EventRounds "7"]
[EventCountry "GER"]
[SourceTitle "playchess.com"]
[Source "ChessBase"]
[SourceQuality "1"]
[WhiteTeam "Hessen"]
[BlackTeam "Württemberg"]
[WhiteTeamCountry "GER"]
[BlackTeamCountry "GER"]
[TimeControl "40/5400+30:1800+30"]

1. Nf3 c5 2. g3 Nc6 3. Bg2 g6 4. O-O Bg7 5. d3 d5 6. Nbd2 e6 7. e4 Nge7 8. Re1 b6 9. c3 a5 10. Qe2 Ba6 11. e5 Qc7 12. Nf1 a4 13. h4 Rd8 14. Bf4 b5 15. N1h2 h5 16. Ng5 Nf5 17. a3 Rd7 18. Bh3 Qd8 19. Nhf3 Na5 20. Rad1 Nb3 21. Bxf5 gxf5 22. d4 Qc8 23. Qe3 b4 24. cxb4 cxb4 25. Nd2 Nxd2 26. Qxd2 b3 27. Rc1 Bc4 28. Nh3 Rc7 29. Bg5 Kd7 30. Nf4 Qa6 31. Qd1 Rhc8 32. Nxh5 Bh8 33. Nf4 Kc6 34. Nd3 Kb6 35. Nc5 Qb5 36. Kg2 Bg7 37. h5 Bf8 38. Be3 f4 39. Bxf4 Bxc5 40. dxc5+ Kxc5 41. Be3+ Kc6 42. Qd4 Kd7 43. Qf4 Ke8 44. Qg5 d4 45. Qg8+ Kd7 46. Qxf7+ Kc6 47. Rxc4+ Qxc4 48. Rc1 Rxf7 49. Rxc4+ Kb7 50. Rb4+ Kc6 51. Rxd4 Kb5 52. Rb4+ Ka5 53. Bd2 Rfc7 54. Rxb3+ {[%emt 0:00:00] normal} 1-0

[Event "GER-chT Youth Countries 2019"]
[Site "Wuerzburg"]
[Date "2019.10.02"]
[Round "1"]
[White "Arndt, Magnus"]
[Black "Holinka, Henning"]
[Result "1-0"]
[ECO "B06"]
[WhiteElo "2312"]
[BlackElo "2101"]
[Annotator "NA"]
[PlyCount "71"]
[EventDate "2019.10.02"]
[EventType "swiss"]
[EventRounds "7"]
[EventCountry "GER"]
[SourceTitle "playchess.com"]
[Source "ChessBase"]
[SourceQuality "1"]
[WhiteTeam "Schleswig-Holstein"]
[BlackTeam "Hamburg/Schleswig-Holstein"]
[WhiteTeamCountry "GER"]
[BlackTeamCountry "GER"]
[TimeControl "40/5400+30:1800+30"]

1. e4 g6 2. d4 Bg7 3. Nf3 d6 4. Bd3 Nc6 5. c3 Nf6 6. h3 e5 7. O-O O-O 8. Re1 exd4 9. cxd4 Nb4 10. Bf1 c5 11. d5 Re8 12. Nc3 Bd7 13. Bf4 Qb6 14. Nd2 Bf8 15. a3 Na6 16. Nc4 Qc7 17. e5 dxe5 18. Bxe5 Qd8 19. Qf3 Bg7 20. Nd6 Rxe5 21. Rxe5 Qc7 22. Nc4 Ng4 23. d6 Nxe5 24. Nxe5 Qxd6 25. Qxf7+ Kh8 26. Nxd7 Rd8 27. Rd1 Bd4 28. Rxd4 cxd4 29. Nf6 Qc7 30. Qxc7 Nxc7 31. Nb1 Ne6 32. Nd2 Nc5 33. f3 Na4 34. b3 Nc3 35. Bd3 Kg7 36. Nfe4 {[%emt 0:01:12] normal} 1-0

[Event "GER-chT Youth Countries 2019"]
[Site "Wuerzburg"]
[Date "2019.10.02"]
[Round "1"]
[White "Herbrig, Alexander"]
[Black "Tiarks, Jann-Christian"]
[Result "1/2-1/2"]
[ECO "A30"]
[WhiteElo "2295"]
[BlackElo "2178"]
[Annotator "NA"]
[PlyCount "67"]
[EventDate "2019.10.02"]
[EventType "team-tourn"]
[EventRounds "7"]
[EventCountry "GER"]
[SourceTitle "playchess.com"]
[Source "ChessBase"]
[SourceQuality "1"]
[WhiteTeam "Germany"]
[BlackTeam "Germany"]
[WhiteTeamCountry "GER"]
[BlackTeamCountry "GER"]
[TimeControl "40/5400+30:1800+30"]

1. c4 c5 2. Nf3 Nc6 3. d4 cxd4 4. Nxd4 Nf6 5. Nc3 g6 6. g3 Bg7 7. Bg2 O-O 8. O-O Nxd4 9. Qxd4 d6 10. Qd2 Qc7 11. b3 Bd7 12. Bb2 Bc6 13. Nd5 Nxd5 14. Bxg7 Kxg7 15. cxd5 Bd7 16. Qd4+ Kg8 17. Rfc1 Qa5 18. b4 Qa4 19. Rc7 Rab8 20. Be4 Rfc8 21. Bc2 Qb5 22. Bd3 Qa4 23. Rac1 Bh3 24. Rxc8+ Rxc8 25. Rxc8+ Bxc8 26. Qc4 Qd7 27. Bc2 Qd8 28. Kg2 Bd7 29. a4 Qc8 30. Qxc8+ Bxc8 31. Kf3 Bd7 32. e4 Kg7 33. Ke3 f5 34. f3 {[%emt 0:07:39] normal} 1/2-1/2

[Event "GER-chT Youth Countries 2019"]
[Site "Wuerzburg"]
[Date "2019.10.02"]
[Round "1"]
[White "Weber, Samuel"]
[Black "Richter, Nils"]
[Result "1/2-1/2"]
[ECO "A15"]
[WhiteElo "2288"]
[BlackElo "2213"]
[Annotator "NA"]
[PlyCount "81"]
[EventDate "2019.10.02"]
[EventType "swiss"]
[EventRounds "7"]
[EventCountry "GER"]
[SourceTitle "playchess.com"]
[Source "ChessBase"]
[SourceQuality "1"]
[WhiteTeam "Hessen"]
[BlackTeam "Württemberg"]
[WhiteTeamCountry "GER"]
[BlackTeamCountry "GER"]
[TimeControl "40/5400+30:1800+30"]

1. c4 Nf6 2. g3 g6 3. Bg2 Bg7 4. Nc3 O-O 5. e4 c5 6. Nge2 Nc6 7. O-O d6 8. d3 Ne8 9. Rb1 Nc7 10. a3 a5 11. Be3 Ne6 12. Qd2 Ned4 13. Bxd4 cxd4 14. Nb5 a4 15. b3 f5 16. bxa4 e5 17. exf5 gxf5 18. Bd5+ Kh8 19. f4 Ra6 20. Rbe1 Ne7 21. Bg2 Ng8 22. Nc1 Re8 23. Na2 Nf6 24. Nb4 Rxa4 25. Nd5 Nxd5 26. Bxd5 Ra6 27. Qd1 Bd7 28. Qh5 Rf8 29. a4 Be8 30. Qh3 Bg6 31. Bxb7 Rxa4 32. Qg2 Qb6 33. Qc6 Qxc6 34. Bxc6 Ra6 35. Bb7 Rb6 36. Bd5 e4 37. dxe4 fxe4 38. f5 Bxf5 39. g4 Bg6 40. Rxf8+ Bxf8 41. Nxd4 {[%emt 0:31:18] normal} 1/2-1/2

[Event "GER-chT Youth Countries 2019"]
[Site "Wuerzburg"]
[Date "2019.10.02"]
[Round "1"]
[White "Maetzkow, Maximilian Paul"]
[Black "Nguyen, Alex Dac-Vuong"]
[Result "0-1"]
[ECO "E10"]
[WhiteElo "2287"]
[BlackElo "2128"]
[Annotator "NA"]
[PlyCount "68"]
[EventDate "2019.10.02"]
[EventType "swiss"]
[EventRounds "7"]
[EventCountry "GER"]
[SourceTitle "playchess.com"]
[Source "ChessBase"]
[SourceQuality "1"]
[WhiteTeam "Brandenburg/Berlin"]
[BlackTeam "Sachsen"]
[WhiteTeamCountry "GER"]
[BlackTeamCountry "GER"]
[TimeControl "40/5400+30:1800+30"]

1. d4 Nf6 2. Nf3 c5 3. d5 e6 4. c4 b5 5. e3 Bb7 6. dxe6 fxe6 7. cxb5 d5 8. Be2 Bd6 9. b3 Nbd7 10. Bb2 O-O 11. Nbd2 Qe7 12. O-O Rad8 13. Qc2 e5 14. e4 Nxe4 15. Nxe4 dxe4 16. Nd2 Nf6 17. Nc4 Bc7 18. Ne3 Kh8 19. Rac1 Bb6 20. Bc4 Nh5 21. Rcd1 Nf4 22. Rxd8 Rxd8 23. Rd1 Rd4 24. Bxd4 exd4 25. Nf5 Qg5 26. Ng3 h5 27. h4 Qxh4 28. Bf1 Qg4 29. Re1 h4 30. Nxe4 Nh3+ 31. Kh1 Bxe4 32. Qe2 Qxe2 33. Rxe2 d3 34. Rd2 Ba5 {[%emt 0:00:22] normal} 0-1

[Event "GER-chT Youth Countries 2019"]
[Site "Wuerzburg"]
[Date "2019.10.02"]
[Round "1"]
[White "Polster, Christian"]
[Black "Pahl, Erik"]
[Result "0-1"]
[ECO "B56"]
[WhiteElo "2279"]
[BlackElo "2081"]
[Annotator "NA"]
[PlyCount "88"]
[EventDate "2019.10.02"]
[EventType "swiss"]
[EventRounds "7"]
[EventCountry "GER"]
[SourceTitle "playchess.com"]
[Source "ChessBase"]
[SourceQuality "1"]
[WhiteTeam "Niedersachsen"]
[BlackTeam "Bremen/Niedersachsen"]
[WhiteTeamCountry "GER"]
[BlackTeamCountry "GER"]
[TimeControl "40/5400+30:1800+30"]

1. e4 c5 2. Nf3 d6 3. d4 cxd4 4. Nxd4 Nf6 5. Nc3 Bd7 6. f3 e5 7. Nb3 Be7 8. Be3 O-O 9. Qd2 a5 10. a4 Na6 11. Nd5 Nxd5 12. exd5 b6 13. Be2 Nc5 14. Nxc5 bxc5 15. O-O f5 16. Bb5 f4 17. Bf2 Bf5 18. c3 Bh4 19. b4 Bxf2+ 20. Rxf2 Qb6 21. bxa5 Rxa5 22. c4 g5 23. Ra2 Rfa8 24. Rb2 Qc7 25. Bc6 R8a7 26. Qe1 Bd7 27. Qb1 Bxc6 28. dxc6 Rxa4 29. Rf1 R4a6 30. Qf5 Rxc6 31. Rfb1 Qe7 32. h4 Rca6 33. Rb8+ Kg7 34. hxg5 Ra1 35. Rxa1 Rxa1+ 36. Kf2 Ra7 37. Qc8 Qxg5 38. Qf8+ Kg6 39. Qxd6+ Kh5 40. Ke2 Ra2+ 41. Kd1 Ra1+ 42. Kc2 Qxg2+ 43. Kc3 Rc1+ 44. Kd3 Qc2# {normal} 0-1

[Event "GER-chT Youth Countries 2019"]
[Site "Wuerzburg"]
[Date "2019.10.02"]
[Round "1"]
[White "Fuchs, Florian"]
[Black "Bardorz, Jana"]
[Result "0-1"]
[ECO "E73"]
[WhiteElo "2256"]
[BlackElo "1929"]
[Annotator "NA"]
[PlyCount "83"]
[EventDate "2019.10.02"]
[EventType "swiss"]
[EventRounds "7"]
[EventCountry "GER"]
[SourceTitle "playchess.com"]
[Source "ChessBase"]
[SourceQuality "1"]
[WhiteTeam "Bayern 2"]
[BlackTeam "Bayern 1"]
[WhiteTeamCountry "GER"]
[BlackTeamCountry "GER"]
[TimeControl "40/5400+30:1800+30"]

1. d4 Nf6 2. c4 g6 3. Nc3 Bg7 4. e4 d6 5. Be2 O-O 6. Bg5 c5 7. d5 Nbd7 8. Qd2 a6 9. g4 b5 10. cxb5 axb5 11. f3 b4 12. Nd1 Ba6 13. Bh6 Ne5 14. Bxg7 Kxg7 15. Nf2 Qa5 16. f4 Nc4 17. Bxc4 Bxc4 18. g5 Nh5 19. b3 Bb5 20. Ngh3 Bd7 21. Rg1 Qa6 22. Ng4 Qc8 23. Nhf2 f6 24. f5 Kf7 25. gxf6 exf6 26. Qh6 Rh8 27. Ne3 Qg8 28. Nc4 Ra6 29. Ng4 Qg7 30. a4 bxa3 31. Rxa3 Rxa3 32. Nxa3 Qxh6 33. Nxh6+ Kg7 34. Ng4 Ra8 35. Nc4 Ra1+ 36. Kf2 Rxg1 37. Kxg1 gxf5 38. exf5 Bxf5 39. Nge3 Bg6 40. Nxd6 Nf4 41. Ndc4 Kf7 42. d6 {[%emt 0:00:00] normal} 0-1

[Event "GER-chT Youth Countries 2019"]
[Site "Wuerzburg"]
[Date "2019.10.02"]
[Round "1"]
[White "Sieber, Fiona"]
[Black "Lange, Jannis"]
[Result "1-0"]
[ECO "B30"]
[WhiteElo "2252"]
[BlackElo "2080"]
[Annotator "NA"]
[PlyCount "79"]
[EventDate "2019.10.02"]
[EventType "swiss"]
[EventRounds "7"]
[EventCountry "GER"]
[SourceTitle "playchess.com"]
[Source "ChessBase"]
[SourceQuality "1"]
[WhiteTeam "Germany"]
[BlackTeam "Germany"]
[WhiteTeamCountry "GER"]
[BlackTeamCountry "GER"]
[TimeControl "40/5400+30:1800+30"]

1. e4 c5 2. Nf3 Nc6 3. Nc3 d6 4. d4 cxd4 5. Nxd4 e5 6. Nf5 Bxf5 7. exf5 Nd4 8. Be3 Nc6 9. Bc4 Nf6 10. g4 Qa5 11. g5 Ne4 12. Qd5 Qxd5 13. Nxd5 Rc8 14. f3 Nc5 15. O-O-O Ne7 16. f6 Nf5 17. Rhe1 a6 18. Bxc5 Rxc5 19. Bf1 h6 20. b4 Rc8 21. Bh3 g6 22. Bxf5 gxf5 23. h4 hxg5 24. hxg5 Rh2 25. Rd2 Rxd2 26. Kxd2 Rc4 27. c3 Rh4 28. f4 e4 29. a4 Rh3 30. Ne3 Rf3 31. Rf1 Rh3 32. Nxf5 Rh2+ 33. Ke3 d5 34. Rd1 Rh3+ 35. Kd4 Rf3 36. Ke5 Rxc3 37. Rxd5 e3 38. Ng7+ Bxg7 39. fxg7 f6+ 40. Ke4 {normal} 1-0

[Event "GER-chT Youth Countries 2019"]
[Site "Wuerzburg"]
[Date "2019.10.02"]
[Round "1"]
[White "Schneider, Jana"]
[Black "Junker, Magnus"]
[Result "1/2-1/2"]
[ECO "B90"]
[WhiteElo "2240"]
[BlackElo "2059"]
[Annotator "NA"]
[PlyCount "67"]
[EventDate "2019.10.02"]
[EventType "swiss"]
[EventRounds "7"]
[EventCountry "GER"]
[SourceTitle "playchess.com"]
[Source "ChessBase"]
[SourceQuality "1"]
[WhiteTeam "Bayern 1"]
[BlackTeam "Bayern 2"]
[WhiteTeamCountry "GER"]
[BlackTeamCountry "GER"]
[TimeControl "40/5400+30:1800+30"]

1. e4 c5 2. Nf3 d6 3. d4 cxd4 4. Nxd4 Nf6 5. Nc3 a6 6. Be3 Nbd7 7. Be2 e6 8. f4 Qc7 9. g4 e5 10. Nf5 Nc5 11. Bf3 h5 12. g5 Nfxe4 13. Bxe4 Nxe4 14. Nxg7+ Bxg7 15. Nxe4 Qc6 16. Qd3 Bg4 17. h3 Bf3 18. Nxd6+ Kf8 19. Rf1 Rd8 20. Qa3 Kg8 21. Nf5 Qe4 22. Qe7 Qxf5 23. Qxd8+ Kh7 24. Qd2 Qxh3 25. fxe5 Re8 26. Qf2 Bg4 27. Bd4 Rd8 28. c3 Qd3 29. Rc1 Kh8 30. Qd2 Qg3+ 31. Qf2 Qd3 32. Qd2 Qg3+ 33. Qf2 Qd3 34. Qd2 {[%emt 0:01:25] normal} 1/2-1/2

[Event "GER-chT Youth Countries 2019"]
[Site "Wuerzburg"]
[Date "2019.10.02"]
[Round "1"]
[White "Niermann, Tristan"]
[Black "Yi, Danny"]
[Result "1-0"]
[ECO "D74"]
[WhiteElo "2227"]
[BlackElo "2211"]
[Annotator "NA"]
[PlyCount "63"]
[EventDate "2019.10.02"]
[EventType "swiss"]
[EventRounds "7"]
[EventCountry "GER"]
[SourceTitle "playchess.com"]
[Source "ChessBase"]
[SourceQuality "1"]
[WhiteTeam "Nordrhein-Westfalen"]
[BlackTeam "Team Süd"]
[WhiteTeamCountry "GER"]
[BlackTeamCountry "GER"]
[TimeControl "40/5400+30:1800+30"]

1. d4 Nf6 2. c4 g6 3. g3 Bg7 4. Bg2 d5 5. cxd5 Nxd5 6. Nf3 O-O 7. O-O Nc6 8. e3 Nb6 9. Nc3 e5 10. d5 Na5 11. e4 c6 12. h3 cxd5 13. exd5 e4 14. Ng5 f5 15. f3 h6 16. Ne6 Bxe6 17. dxe6 Qxd1 18. Rxd1 exf3 19. Bxf3 Rfe8 20. Nd5 Rac8 21. Nxb6 axb6 22. Bf4 Kh8 23. Bd5 Rc2 24. Rac1 Re2 25. Rc7 g5 26. Bd6 Be5 27. Bxe5+ Rxe5 28. b4 Nc6 29. Rxb7 Rd8 30. Rd7 Rc8 31. Rc1 Rd8 32. Bxc6 {[%emt 0:00:27] normal} 1-0

[Event "GER-chT Youth Countries 2019"]
[Site "Wuerzburg"]
[Date "2019.10.02"]
[Round "1"]
[White "Post, Hugo"]
[Black "Schumann, Rabea"]
[Result "1-0"]
[ECO "B38"]
[WhiteElo "2204"]
[BlackElo "1922"]
[Annotator "NA"]
[PlyCount "63"]
[EventDate "2019.10.02"]
[EventType "swiss"]
[EventRounds "7"]
[EventCountry "GER"]
[SourceTitle "playchess.com"]
[Source "ChessBase"]
[SourceQuality "1"]
[WhiteTeam "Sachsen-Anhalt"]
[BlackTeam "Mecklenburg-Vorpommern"]
[WhiteTeamCountry "GER"]
[BlackTeamCountry "GER"]
[TimeControl "40/5400+30:1800+30"]

1. e4 c5 2. Nf3 Nc6 3. d4 cxd4 4. Nxd4 g6 5. c4 Bg7 6. Be3 Nf6 7. Nc3 O-O 8. Be2 b6 9. f3 Bb7 10. O-O d6 11. Rc1 Qb8 12. Qd2 Rd8 13. Rfd1 Rd7 14. Nc2 Qf8 15. b4 e6 16. a3 Rad8 17. f4 Ne7 18. Bf3 Nc8 19. Qe1 Ne8 20. Nd4 Nc7 21. Nb3 Qe7 22. c5 dxc5 23. Rxd7 Rxd7 24. bxc5 e5 25. Bg4 Rd3 26. Bxc8 Bxc8 27. cxb6 exf4 28. Nd5 Nxd5 29. Rxc8+ Bf8 30. Bc5 Rxb3 31. Bxe7 Nxe7 32. bxa7 {[%emt 0:00:08] normal} 1-0

[Event "GER-chT Youth Countries 2019"]
[Site "Wuerzburg"]
[Date "2019.10.02"]
[Round "1"]
[White "Stelmaszyk, Nico"]
[Black "Petri, Ben-Luca"]
[Result "1-0"]
[ECO "C11"]
[WhiteElo "2190"]
[BlackElo "1857"]
[Annotator "NA"]
[PlyCount "67"]
[EventDate "2019.10.02"]
[EventType "team-tourn"]
[EventRounds "7"]
[EventCountry "GER"]
[SourceTitle "playchess.com"]
[Source "ChessBase"]
[SourceQuality "1"]
[WhiteTeam "Germany"]
[BlackTeam "Germany"]
[WhiteTeamCountry "GER"]
[BlackTeamCountry "GER"]
[TimeControl "40/5400+30:1800+30"]

1. e4 e6 2. Nf3 d5 3. Nc3 Nf6 4. e5 Nfd7 5. d4 c5 6. dxc5 Nc6 7. Bf4 Bxc5 8. Bd3 f6 9. exf6 Nxf6 10. O-O O-O 11. Qe2 Nh5 12. Bg5 Nf4 13. Qd2 Qc7 14. Nb5 Qf7 15. Bxf4 Qxf4 16. Qxf4 Rxf4 17. Nc7 Rb8 18. Ng5 Rf6 19. Rae1 e5 20. Nxd5 Rh6 21. Bc4 Kf8 22. Ne4 b5 23. Bb3 Bb6 24. Nxb6 axb6 25. f4 Ke7 26. fxe5 Nd8 27. Nd6 Bd7 28. Nf7 Rg6 29. Nxd8 Kxd8 30. e6 Bc6 31. g3 Rf6 32. e7+ Ke8 33. Rxf6 gxf6 34. Re6 {[%emt 0:02:29] unterminated} 1-0

[Event "GER-chT Youth Countries 2019"]
[Site "Wuerzburg"]
[Date "2019.10.02"]
[Round "1"]
[White "Hoffmann, Sebastian"]
[Black "Vuckovic, Zarko"]
[Result "1/2-1/2"]
[ECO "C00"]
[WhiteElo "2187"]
[BlackElo "2253"]
[Annotator "NA"]
[PlyCount "82"]
[EventDate "2019.10.02"]
[EventType "swiss"]
[EventRounds "7"]
[EventCountry "GER"]
[SourceTitle "playchess.com"]
[Source "ChessBase"]
[SourceQuality "1"]
[WhiteTeam "Bayern 2"]
[BlackTeam "Bayern 1"]
[WhiteTeamCountry "GER"]
[BlackTeamCountry "GER"]
[TimeControl "40/5400+30:1800+30"]

1. e4 e6 2. Qe2 c5 3. g3 Nc6 4. Nf3 Nf6 5. Bg2 d5 6. d3 Be7 7. O-O O-O 8. e5 Nd7 9. c4 d4 10. h4 f6 11. exf6 Nxf6 12. Bf4 Ng4 13. Ng5 e5 14. Bc1 Nf6 15. Ne4 Bf5 16. Nbd2 Qd7 17. Nxf6+ gxf6 18. Ne4 Kh8 19. Bd2 Rg8 20. Kh2 Rae8 21. Rae1 Bg4 22. f3 Be6 23. Qf2 Rg7 24. f4 exf4 25. Bxf4 Reg8 26. a3 Ne5 27. Bxe5 fxe5 28. Nf6 Bxf6 29. Qxf6 Qf7 30. Rxe5 Qxf6 31. Rxf6 Rxg3 32. Rg5 R3xg5 33. hxg5 Re8 34. Bxb7 Kg7 35. Be4 Bxc4 36. Rc6 Re5 37. Kg3 Bxd3 38. Rc7+ Kg8 39. Bxd3 Re3+ 40. Kf4 Rxd3 41. Rxc5 Rb3 {[%emt 0:30:23] normal} 1/2-1/2

[Event "GER-chT Youth Countries 2019"]
[Site "Wuerzburg"]
[Date "2019.10.02"]
[Round "1"]
[White "Dahl, Christoph"]
[Black "Tschernatsch, Johannes"]
[Result "0-1"]
[ECO "B96"]
[WhiteElo "2178"]
[BlackElo "2132"]
[Annotator "NA"]
[PlyCount "72"]
[EventDate "2019.10.02"]
[EventType "swiss"]
[EventRounds "7"]
[EventCountry "GER"]
[SourceTitle "playchess.com"]
[Source "ChessBase"]
[SourceQuality "1"]
[WhiteTeam "Sachsen"]
[BlackTeam "Brandenburg/Berlin"]
[WhiteTeamCountry "GER"]
[BlackTeamCountry "GER"]
[TimeControl "40/5400+30:1800+30"]

1. e4 c5 2. Nf3 d6 3. d4 cxd4 4. Nxd4 Nf6 5. Nc3 a6 6. Bg5 e6 7. f4 b5 8. e5 dxe5 9. fxe5 Qc7 10. exf6 Qe5+ 11. Be2 Qxg5 12. Bf3 Ra7 13. Qd3 Rd7 14. Ne4 Qe5 15. O-O-O gxf6 16. Qc3 Bb7 17. Rhe1 Bxe4 18. Rxe4 Bh6+ 19. Kb1 Qc7 20. Qe1 O-O 21. Qh4 Bg7 22. Qh5 Rfd8 23. Rg4 Qe5 24. Rxg7+ Kxg7 25. Qg4+ Qg5 26. Qe4 e5 27. h4 Qg6 28. Nf5+ Qxf5 29. Rxd7 Qxd7 30. a3 Qd4 31. Qe1 Qf4 32. Qa5 Rd6 33. Bh5 e4 34. Ka2 e3 35. g3 Qc4+ 36. Kb1 e2 {[%emt 0:00:13] normal} 0-1

[Event "GER-chT Youth Countries 2019"]
[Site "Wuerzburg"]
[Date "2019.10.02"]
[Round "1"]
[White "Weihrauch, Jakob"]
[Black "Svane, Frederik"]
[Result "0-1"]
[ECO "B91"]
[WhiteElo "2167"]
[BlackElo "2360"]
[Annotator "ChessBase"]
[PlyCount "82"]
[EventDate "2019.10.02"]
[EventType "team-tourn"]
[EventRounds "7"]
[EventCountry "GER"]
[SourceTitle "playchess.com"]
[Source "ChessBase"]
[SourceQuality "1"]
[WhiteTeam "Hamburg/Schleswig-Holstein"]
[BlackTeam "Schleswig-Holstein"]
[WhiteTeamCountry "GER"]
[BlackTeamCountry "GER"]
[TimeControl "40/5400+30:1800+30"]

1. e4 c5 2. Nf3 d6 3. d4 cxd4 4. Nxd4 Nf6 5. Nc3 a6 6. g3 e6 7. Bg2 Be7 8. O-O O-O 9. f4 Nc6 10. Nxc6 bxc6 11. Na4 Rb8 12. c4 c5 13. Be3 Bb7 14. Nc3 Bc6 15. Qe2 Qb6 16. Rab1 Qb7 17. Bf2 Rfe8 18. g4 Nd7 19. Rfd1 Nf8 20. Bg3 Ng6 21. g5 Bd8 22. h4 Ba5 23. Qc2 Red8 24. h5 Nf8 25. h6 g6 26. Ne2 Qe7 27. b4 Rxb4 28. Rxb4 cxb4 29. Qb2 e5 30. fxe5 dxe5 31. Rxd8 Bxd8 32. Bxe5 Qxg5 33. Bf4 Qc5+ 34. Kf1 Ne6 35. Bh3 Bb6 36. Ke1 Qf2+ 37. Kd2 Nd4 38. Bg4 Bxe4 39. Be3 Nf3+ 40. Bxf3 Bxe3+ 41. Kd1 Qf1# {normal} 0-1

[Event "GER-chT Youth Countries 2019"]
[Site "Wuerzburg"]
[Date "2019.10.02"]
[Round "1"]
[White "Lohvinov, Petro"]
[Black "Danninger, Jannik"]
[Result "0-1"]
[ECO "B76"]
[WhiteElo "2117"]
[BlackElo "1990"]
[Annotator "NA"]
[PlyCount "72"]
[EventDate "2019.10.02"]
[EventType "team-tourn"]
[EventRounds "7"]
[EventCountry "GER"]
[SourceTitle "playchess.com"]
[Source "ChessBase"]
[SourceQuality "1"]
[WhiteTeam "Germany"]
[BlackTeam "Germany"]
[WhiteTeamCountry "GER"]
[BlackTeamCountry "GER"]
[TimeControl "40/5400+30:1800+30"]

1. e4 c5 2. Nf3 d6 3. d4 cxd4 4. Nxd4 Nf6 5. Nc3 g6 6. Be3 Bg7 7. f3 O-O 8. Qd2 Nc6 9. O-O-O d5 10. Kb1 e6 11. Bg5 Qb6 12. Be3 Qd8 13. Nxc6 bxc6 14. Bh6 Rb8 15. Bxg7 Kxg7 16. e5 Nd7 17. f4 Qb6 18. b3 Ba6 19. Bxa6 Qxa6 20. h4 c5 21. h5 f5 22. hxg6 hxg6 23. g4 c4 24. gxf5 Rxf5 25. Rdg1 cxb3 26. axb3 Qc4 27. Ne2 Nf8 28. Nd4 Rf7 29. f5 Rxf5 30. Nxf5+ exf5 31. Rh3 Qc5 32. Qg5 Rb6 33. Rf1 Kf7 34. Qe3 Qxe3 35. Rxe3 Ke6 36. Rg1 Rb4 {[%emt 0:04:22] normal} 0-1

[Event "GER-chT Youth Countries 2019"]
[Site "Wuerzburg"]
[Date "2019.10.02"]
[Round "1"]
[White "Wendler, David"]
[Black "Gallasch, Jonas"]
[Result "0-1"]
[ECO "B22"]
[WhiteElo "2107"]
[BlackElo "2099"]
[Annotator "NA"]
[PlyCount "84"]
[EventDate "2019.10.02"]
[EventType "swiss"]
[EventRounds "7"]
[EventCountry "GER"]
[SourceTitle "playchess.com"]
[Source "ChessBase"]
[SourceQuality "1"]
[WhiteTeam "Team Süd"]
[BlackTeam "Nordrhein-Westfalen"]
[WhiteTeamCountry "GER"]
[BlackTeamCountry "GER"]
[TimeControl "40/5400+30:1800+30"]

1. e4 c5 2. c3 d5 3. exd5 Qxd5 4. d4 Nc6 5. Nf3 Bf5 6. Be3 cxd4 7. cxd4 Bxb1 8. Qxb1 e6 9. a3 Nf6 10. Be2 Be7 11. O-O O-O 12. b4 Rac8 13. Qd3 Rfd8 14. Rac1 Qd6 15. Rc4 Nd5 16. Rfc1 a5 17. b5 Na7 18. Ne5 Qxa3 19. Bd2 b6 20. Qb1 Bf6 21. Nc6 Nxc6 22. bxc6 Qe7 23. Bf3 Qc7 24. g3 Be7 25. Qb5 Bb4 26. Bxb4 Nxb4 27. Re1 Rd6 28. Re5 Rcd8 29. Re4 Rd5 30. Rxb4 Rxb5 31. Rxb5 Qxc6 32. Rb3 a4 33. Rd3 Qc4 34. Rd1 f5 35. Ree1 Rxd4 36. Rc1 Qb3 37. Bd1 Qd5 38. Be2 a3 39. Rc7 a2 40. Ra7 h6 41. Bh5 Kh7 42. Rc1 Rb4 {[%emt 0:00:15] normal} 0-1

[Event "GER-chT Youth Countries 2019"]
[Site "Wuerzburg"]
[Date "2019.10.02"]
[Round "1"]
[White "Schmekel, Florian"]
[Black "Pallas, Sebastian"]
[Result "1/2-1/2"]
[ECO "D87"]
[WhiteElo "2102"]
[BlackElo "2291"]
[Annotator "NA"]
[PlyCount "80"]
[EventDate "2019.10.02"]
[EventType "swiss"]
[EventRounds "7"]
[EventCountry "GER"]
[SourceTitle "playchess.com"]
[Source "ChessBase"]
[SourceQuality "1"]
[WhiteTeam "Mecklenburg-Vorpommern"]
[BlackTeam "Sachsen-Anhalt"]
[WhiteTeamCountry "GER"]
[BlackTeamCountry "GER"]
[TimeControl "40/5400+30:1800+30"]

1. d4 Nf6 2. c4 g6 3. Nc3 d5 4. cxd5 Nxd5 5. e4 Nxc3 6. bxc3 Bg7 7. Bc4 O-O 8. Ne2 c5 9. O-O Qc7 10. Bd3 Rd8 11. Be3 Nc6 12. Rc1 Na5 13. Qd2 b6 14. Rfd1 e5 15. d5 Nb7 16. c4 Nd6 17. a4 f5 18. f3 f4 19. Bf2 g5 20. g4 h5 21. h3 Kf7 22. Nc3 Bd7 23. Kg2 Rh8 24. Be2 Rh6 25. Rh1 Rah8 26. Qa2 a5 27. Nb1 Ne8 28. Nd2 Nf6 29. Qb2 Bxa4 30. Rb1 Ne8 31. Nf1 Bd7 32. Nh2 Qc8 33. Be1 Qc7 34. Bc3 Qd6 35. Nf1 Nc7 36. Nd2 Ra8 37. Nb3 Ra7 38. Nc1 Ra8 39. Nd3 Re8 40. Qa1 Na6 {[%emt 0:00:31] normal} 1/2-1/2

[Event "GER-chT Youth Countries 2019"]
[Site "Wuerzburg"]
[Date "2019.10.02"]
[Round "1"]
[White "Grund, Sebastian"]
[Black "Eilenberg, Jonas"]
[Result "1/2-1/2"]
[ECO "D02"]
[WhiteElo "2054"]
[BlackElo "2050"]
[Annotator "NA"]
[PlyCount "88"]
[EventDate "2019.10.02"]
[EventType "swiss"]
[EventRounds "7"]
[EventCountry "GER"]
[SourceTitle "playchess.com"]
[Source "ChessBase"]
[SourceQuality "1"]
[WhiteTeam "Thüringen"]
[BlackTeam "Berlin"]
[WhiteTeamCountry "GER"]
[BlackTeamCountry "GER"]
[TimeControl "40/5400+30:1800+30"]

1. d4 d5 2. Nf3 e6 3. c4 c6 4. g3 Nf6 5. Bg2 dxc4 6. a4 c5 7. O-O Nc6 8. dxc5 Qxd1 9. Rxd1 Bxc5 10. Nbd2 c3 11. bxc3 Bd7 12. Ng5 Rd8 13. Nde4 Be7 14. Nd6+ Bxd6 15. Rxd6 h6 16. Ne4 Nxe4 17. Bxe4 Bc8 18. Ba3 Rxd6 19. Bxd6 f5 20. Bf3 Kf7 21. Bc5 Bd7 22. Rd1 Be8 23. Rd6 b6 24. Bxc6 bxc5 25. Bxe8+ Rxe8 26. Rc6 Re7 27. Rxc5 Rd7 28. f4 Ke7 29. Kf2 Kd6 30. Rc4 Rb7 31. Ke3 g5 32. Rb4 Rg7 33. fxg5 hxg5 34. h4 f4+ 35. gxf4 gxh4 36. Rd4+ Kc5 37. f5 h3 38. Rh4 exf5 39. Rxh3 Kc4 40. Kf4 Re7 41. e3 Kxc3 42. e4+ Kb4 43. exf5 Kxa4 44. f6 Re8 {[%emt 0:01:51] normal} 1/2-1/2